 Dungeon Crawl Stone Soup version bcrawl-1.37.2 (webtiles) character file.

Game seed: 13697200208041124730

444855 Mehrunes the Dealer of Despair (level 15, -9/120 HPs)
             Began as a Mummy Necromancer on Nov 17, 2022.
             Was an Elder of Kikubaaqudgha.
             Mangled by an ettin
             ... wielding a cursed +0 dire flail
              (13 damage)
             ... on level 11 of the Dungeon.
             The game lasted 01:24:29 (24308 turns).

Mehrunes the Dealer of Despair (Mummy Necromancer) Turns: 24308, Time: 01:24:29

Health: -9/120     AC: 14    Str: 13    XL:     15   Next: 19%
Magic:  28/28      EV: 14    Int: 19    God:    Kikubaaqudgha [****..]
Gold:   1570       SH:  8    Dex: 13    Spells: 2/32 levels left

rFire    . . .     GDR:     25% a - +6 dagger (pain)
rCold    + . .     SeeInvis .   z - +2 buckler {AC+3}
rNeg     + + +     Gourm    .   b - +0 troll leather armour
rPois    ∞         Faith    .   y - +1 helmet
rElec    .         Spirit   .   o - scarf {repulsion}
rCorr    .         Reflect  .   p - +1 pair of gloves
MR       +....     Clarity  +   A - +2 pair of boots
Stlth    ++........             (no amulet)
HPRegen  0.70/turn              K - ring of protection from fire
MPRegen  0.21/turn              e - ring of wizardry

@: repel missiles
A: no food or potions, fire vulnerability, clarity, cold resistance 1, negative
energy resistance 3, torment resistance, unbreathing, strong hexes 1
a: Receive Corpses, Renounce Religion


You were on level 11 of the Dungeon.
You worshipped Kikubaaqudgha.
Kikubaaqudgha was greatly pleased with you.
You were not hungry.

You visited 4 branches of the dungeon, and saw 20 of its levels.
You also visited: Sewer, Ossuary and Ice Cave.

You collected 1570 gold pieces.

Inventory:

Hand Weapons
 a - a +6 dagger of pain (weapon)
 w - a +2 rapier of venom
 D - a +3 hand crossbow of venom
 H - a +3 rapier
Missiles
 E - 1050 bolts
Armour
 b - a +0 troll leather armour (worn)
 l - the cursed +1 scale mail "Ximiacia" {MR++ rCorr Str-5, unknown}
   (You found it in an ice cave)

   It affects your strength (-5).
   It affects your resistance to hostile enchantments.
   It provides partial protection from all sources of acid and corrosion.
   It has a curse placed upon it.
 o - a scarf of repulsion (worn)
 p - a +1 pair of gloves (worn)
 x - a +0 cloak
 y - a +1 helmet (worn)
 z - a +2 buckler of protection (worn)
 A - a +2 pair of boots (worn)
 I - +0 fire dragon scales
 L - the +8 chain mail of Anaesthesia {rN+ Regen+ Int-4, unknown}
   (You found it on level 10 of the Dungeon)

   It affects your intelligence (-4).
   It protects you from negative energy.
   It increases your rate of regeneration.
Jewellery
 d - an uncursed ring of stealth
 e - a ring of wizardry (right hand)
 F - a cursed ring of ice
 K - a ring of protection from fire (left hand)
Wands
 c - a wand of random effects (12)
 j - a wand of flame (17)
 k - a wand of charming (9)
 r - a wand of digging (11)
 u - a wand of disintegration (38)
 v - a wand of polymorph (9)
 B - a wand of iceblast (17)
 C - a wand of paralysis (3)
Scrolls
 f - 7 scrolls of teleportation
 g - 14 scrolls of remove curse
 h - 4 scrolls of fog
 i - 11 scrolls of identify
 m - 4 scrolls of amnesia
 n - a scroll of noise
 q - 2 scrolls of immolation
 s - 5 scrolls of magic mapping
 t - 6 scrolls of fear
 G - a scroll of vulnerability
 J - a scroll of enchant armour


   Skills:
 - Level 11.9 Fighting
 - Level 10.0 Short Blades
 - Level 7.8 Dodging
 - Level 2.1 Stealth
 - Level 7.4 Shields
 - Level 9.0 Spellcasting
   Level 1.5 Conjurations
 - Level 14.7 Necromancy
 - Level 5.0 Ice Magic
 * Level 3.1 Earth Magic


You had 2 spell levels left.
You knew the following spells:

 Your Spells              Type           Power        Failure   Level  Hunger
a - Necrotize             Necr           ######       1%          1    N/A
b - Vampiric Draining     Necr           ######....   1%          3    N/A
c - Agony                 Necr           ######..     1%          4    N/A
d - Dispel Undead         Necr           ######..     1%          5    N/A
e - Animate Dead          Necr           N/A          1%          4    N/A
f - Simulacrum            Ice/Necr       #####...     19%         6    N/A
g - Corpse Rot            Necr           N/A          1%          2    N/A
h - Lee's Rapid Deconstr  Erth           ###.......   45%         5    N/A

Your spell library contained the following spells:

 Spells                   Type           Power        Failure   Level  Hunger
 Sandblast                Erth           ###...       1%          1    N/A
 Magic Dart               Conj           ##..         4%          1    N/A
 Sting                    Conj/Pois      ##..         5%          1    N/A
 Passwall                 Tmut/Erth      ##......     6%          2    N/A
 Infusion                 Chrm           #.......     8%          1    N/A
 Blink                    Tloc           N/A          11%         2    N/A
 Call Imp                 Summ           #.....       11%         2    N/A
 Poisonous Vapours        Pois/Air       #.....       11%         2    N/A
 Song of Slaying          Chrm           #.......     11%         2    N/A
 Swiftness                Chrm/Air       #.......     11%         2    N/A
 Ozocubu's Armour         Chrm/Ice       ###.....     8%          3    N/A
 Bolt of Draining         Conj/Necr      #####.....   8%          5    N/A
 Stone Arrow              Conj/Erth      ###...       9%          3    N/A
 Conjure Flame            Conj/Fire      ##......     16%         3    N/A
 Mephitic Cloud           Conj/Pois/Air  ##......     17%         3    N/A
 Ignite Poison            Fire/Tmut/Pois #.......     21%         3    N/A
 Spectral Weapon          Hex/Chrm       ##......     21%         3    N/A
 Petrify                  Tmut/Erth      ##........   34%         4    N/A
 Fulminant Prism          Conj/Hex       ###.......   45%         4    N/A
 Death Channel            Chrm/Necr      #####.....   45%         6    N/A
 Olgreb's Toxic Radiance  Pois           #........    54%         4    N/A
 Summon Scorpions         Summ/Pois      #.......     54%         4    N/A
 Venom Bolt               Conj/Pois      ##........   78%         5    N/A
 Conjure Ball Lightning   Conj/Air       ##........   100%        6    N/A
 Orb of Destruction       Conj           ##........   100%        7    N/A
 Spellforged Servitor     Conj/Summ      ##........   100%        7    N/A
 Sublimation of Blood     Necr           Unusable     N/A         2    N/A
 Regeneration             Chrm/Necr      Unusable     N/A         3    N/A
 Spider Form              Tmut/Pois      Unusable     N/A         3    N/A

Dungeon Overview and Level Annotations

Branches:
Dungeon (12/12)            Temple (1/1) D:5            Lair (6/6) D:7
  Swamp (0/3) Lair:4        Snake (0/3) Lair:2        Slime (0/5) Lair:6
    Orc (1/1) D:11            Elf (0/3) Orc          Vaults (0/3) D:12
 Depths (0/5) D:12

Altars:
Ashenzari
Cheibriados
Dithmenos
Gozag
Hepliaklqana
Kikubaaqudgha
Lugonu
Makhleb
Nemelex Xobeh
Okawaru
Qazlal
Ru
Sif Muna
Trog
Uskayaw
Vehumet
Wu Jian
Xom
Yredelemnul
Jiyva

Shops:
Orc (

Annotations:
D:6 3 runed translucent doors, Mrkan's ghost, novice TrHu
D:7 , 2 transporters, Argron's ghost, novice NaRg
Lair:6 exclusion: oklob plant


Innate Abilities, Weirdness & Mutations

You do not eat or drink.
Your flesh is vulnerable to fire.
You are immune to poison.
You possess an exceptional clarity of mind.
Your flesh is cold resistant. (rC+)
You are immune to negative energy. (rN+++)
You are immune to unholy pain and torment.
You can survive without breathing.
Your hexes are more powerful.


Message History

The ettin hits you with a +0 dire flail!!
The ogre moves out of view.
You hear two shouts!
There is a staircase back to the Dungeon here.
You hear a shout!
The troll bites you!
* * * LOW HITPOINT WARNING * * *
The troll claws you but does no damage. The troll barely misses you.
A rune on the stairs sparks and fizzles.
You climb upwards.
Welcome back to the Dungeon!
There is a staircase to the Orcish Mines here. (Use "xv" to examine it for information about this branch.)
As you read the scroll of fear, it crumbles to dust.
You assume a fearsome visage.
The ettin resists with some effort.
The troll looks frightened!
The ettin hits you with a cursed +0 dire flail!!
* * * LOW HITPOINT WARNING * * *
The ettin hits you with a +0 dire flail!
You die...
Kikubaaqudgha rasps: "You have failed me!
Welcome... oblivion!"

#^....##....####'#...#
#.###.......# #.#...#
#.###......## #.#...#
#..........#####.#####
##.....)..........#
..^........#.#######
###...[###!#.#8...8#
####)# ###.#.C.T.# #.#
#.[.)@[.# #[# #.#.[)..#
######.# #.#8...8#
#...##.# #.#######
#...##.# #......#
.....#.# ###....#
.....#.#######.##.######
.....#)##......##.#....#
.....#.##.####.##.#.##.#


You could see an ettin and a troll (fleeing).

Vanquished Creatures
  3 dire elephants (Lair:6)
  An ice dragon (D:12)
  4 hydras
  9 two-headed ogres
  A centaur warrior (D:9)
  A deep troll (D:11)
  A lindwurm (Lair:6)
  Pikel (D:8)
  A deep elf mage (D:12)
  A wolf spider zombie (D:8)
  A necromancer (IceCv)
  A manticore (D:10)
  2 ugly things
  3 elephants (Lair:6)
  2 black mambas
  3 ice statues (IceCv)
  7 cane toads
  5 komodo dragons
  7 rime drakes
  5 ice devils (IceCv)
  5 trolls
  4 polar bears (Lair:5)
  6 meliai
  Prince Ribbit (D:6)
  6 hippogriffs
  4 dream sheep (Lair:6)
  Grinder (D:6)
  14 blink frogs
  A spriggan (D:8)
  15 yaks
  3 wyverns
  A basilisk (shapeshifter) (D:11)
  2 basilisks
  4 hungry ghosts
  8 steam dragons
  7 vampire mosquitoes
  2 wargs (Orc)
  6 crocodiles
  Duvessa (D:6)
  2 acid dragons
  8 water moccasins
  4 porcupines
  A soldier ant (D:12)
  7 sky beasts
  3 black bears
  6 orc warriors
  A necrophage (D:11)
  A hornet zombie (D:9)
  9 ogres
  2 ice beasts
  2 phantoms
  2 wolves (Lair:1)
  10 bullfrogs
  Blork the orc (D:6)
  4 kobold brigands
  2 gnoll sergeants
  4 centaurs
  Dowan (D:6)
  2 scorpions
  7 killer bees
  A howler monkey (D:11)
  12 orc priests
  2 crimson imps
  2 human zombies (Ossuary)
  5 jellies
  Crazy Yiuf (D:7)
  9 orc wizards
  A quasit (D:10)
  6 hounds
  3 iguanas
  10 worker ants
  A killer bee zombie (D:5)
  A hound zombie (D:10)
  A hound skeleton (D:9)
  2 mummies (Ossuary)
  A worker ant zombie (D:4)
  4 gnolls
  2 centaur zombies (Ossuary)
  11 adders
  A river rat (D:5)
  A shadow imp (D:10)
  A centaur simulacrum (IceCv)
  An ooze (D:3)
  2 adder skeletons
  6 worms
  A dart slug (D:1)
  4 leopard geckos
  38 orcs
  5 bats
  4 giant cockroaches
  3 goblins
  15 hobgoblins
  3 jackals (D:6)
  16 kobolds
  3 quokkas
  7 ball pythons
  10 frilled lizards
  A goblin zombie (Ossuary)
  12 hobgoblin zombies (Ossuary)
  2 jackal zombies
  10 kobold zombies (Ossuary)
  7 orc zombies (Ossuary)
  A quokka zombie (D:8)
  13 rats
  3 rat zombies
  4 plants
478 creatures vanquished.

Vanquished Creatures (collateral kills)
  Gastronok (Lair:2)
  3 dire elephants (Lair:6)
  Fannar (Lair:2)
  A rakshasa (D:12)
  A fire dragon (Lair:6)
  A two-headed ogre (D:12)
  Sonja (Lair:2)
  An anaconda (Lair:6)
  A death yak (Lair:5)
  2 centaur warriors (D:10)
  A cyclops (D:12)
  A wizard (D:12)
  A wolf spider (D:12)
  A necromancer (D:12)
  An ugly thing (D:11)
  A manticore (D:11)
  An elephant (Lair:6)
  A guardian serpent (Lair:2)
  A gargoyle (D:12)
  2 black mambas
  A torpor snail (Lair:5)
  3 rime drakes
  6 cane toads
  A kobold demonologist (D:12)
  3 ice devils (IceCv)
  2 polar bears (Lair:5)
  3 trolls
  3 slime creatures (Lair:6)
  3 dream sheep (Lair:6)
  6 blink frogs
  2 hippogriffs
  A harpy skeleton (D:11)
  A wyvern (D:6)
  A vampire (D:12)
  32 yaks
  A basilisk (D:7)
  3 steam dragons (Lair:6)
  A crocodile (Lair:2)
  A water moccasin (Lair:6)
  A porcupine (Lair:1)
  5 orc warriors
  A slave (D:8)
  6 ogres
  A wolf (Lair:1)
  A kobold brigand (D:11)
  4 bullfrogs
  3 gnoll sergeants (D:11)
  A killer bee (D:11)
  A scorpion (D:10)
  3 orc priests
  2 howler monkeys (D:7)
  A crimson imp (D:5)
  A quasit (D:11)
  An orc wizard (D:9)
  A hound zombie (D:4)
  A hound skeleton (D:5)
  A gnoll (D:3)
  An adder (D:11)
  An ooze (D:3)
  A dart slug (D:1)
  2 leopard geckos
  11 orcs
  A giant cockroach (D:5)
  A goblin (D:1)
  A bat (D:3)
  A frilled lizard (Sewer)
  4 kobolds
  A rat (D:2)
  A bush (Lair:6)
  13 fungi
  5 plants
177 creatures vanquished.

Vanquished Creatures (others)
  A bush (D:9)
  5 fungi (Lair:6)
6 creatures vanquished.

Grand Total: 661 creatures vanquished

Notes
Turn   | Place    | Note
-------+----------+-------------------------------------------
     0 | D:1      | Mehrunes the Mummy Necromancer began the quest for the Orb.
     0 | D:1      | Reached XP level 1. HP: 13/13 MP: 4/4
   346 | D:1      | Reached XP level 2. HP: 19/19 MP: 0/6
   652 | D:1      | Reached XP level 3. HP: 24/24 MP: 4/8
  1014 | D:1      | Learned a level 3 spell: Vampiric Draining
  1180 | D:2      | Found a glowing golden altar of the Shining One.
  1180 | D:2      | Found a white marble altar of Elyvilon.
  1182 | D:2      | Found a bloodstained altar of Trog.
  1451 | D:2      | Found a shadowy altar of Dithmenos.
  1540 | D:2      | Found a basalt altar of Yredelemnul.
  1771 | D:2      | Reached XP level 4. HP: 17/30 MP: 1/10
  2068 | D:2      | Learned a level 4 spell: Agony
  2435 | D:3      | Reached skill level 5 in Necromancy
  2494 | D:3      | Noticed a phantom
  2517 | D:3      | Found a shimmering blue altar of Sif Muna.
  2769 | D:3      | Reached skill level 5 in Spellcasting
  2769 | D:3      | Reached XP level 5. HP: 22/35 MP: 10/12
  2966 | D:3      | Found a sacrificial altar of Ru.
  2979 | D:3      | Reached XP level 6. HP: 34/41 MP: 7/14
  3363 | D:3      | Found a faded altar of an unknown god.
  3437 | D:4      | Noticed a sky beast
  3445 | D:4      | Killed a sky beast
  3446 | D:4      | Reached skill level 6 in Necromancy
  3602 | D:4      | Learned a level 5 spell: Dispel Undead
  3622 | D:2      | Found a basalt altar of Yredelemnul.
  3653 | D:2      | Found a glowing golden altar of the Shining One.
  3653 | D:2      | Found a bloodstained altar of Trog.
  3658 | D:2      | Found a white marble altar of Elyvilon.
  3940 | D:4      | Reached skill level 7 in Necromancy
  4094 | D:4      | Learned a level 4 spell: Animate Dead
  4235 | D:4      | Noticed a hippogriff
  4248 | D:4      | Killed a hippogriff
  4249 | D:4      | Reached XP level 7. HP: 6/46 MP: 6/16
  4257 | D:4      | Reached skill level 8 in Necromancy
  4542 | D:5      | Entered Level 5 of the Dungeon
  4720 | D:5      | Reached skill level 9 in Necromancy
  5098 | D:5      | Found a glowing drain.
  5102 | Sewer    | Entered a sewer
  5125 | Sewer    | Reached XP level 8. HP: 52/52 MP: 13/17
  5904 | D:5      | Found a staircase to the Ecumenical Temple.
  5918 | Temple   | Entered the Ecumenical Temple
  6100 | Temple   | Became a worshipper of Kikubaaqudgha
  6129 | D:6      | Noticed Duvessa
  6129 | D:6      | Noticed Dowan
  6129 | D:6      | Noticed Blork the orc
  6200 | D:6      | Found a runed translucent gate.
  6202 | D:6      | Found a runed translucent gate.
  6203 | D:6      | Found a runed translucent gate.
  6262 | D:6      | Reached skill level 1 in Fighting
  6262 | D:6      | Reached skill level 1 in Short Blades
  6276 | D:6      | Noticed Grinder
  6411 | D:6      | Killed Duvessa
  6412 | D:6      | Reached skill level 10 in Necromancy
  6508 | D:6      | Killed Dowan
  6535 | D:6      | Killed Blork the orc
  6590 | D:6      | Paralysed by Grinder for 4 turns
  6602 | D:6      | Killed Grinder
  6603 | D:6      | Reached XP level 9. HP: 64/64 MP: 18/18
  6609 | D:6      | Noticed Prince Ribbit
  6618 | D:6      | Killed Prince Ribbit
  7024 | D:6      | Noticed Mrkan's ghost (novice TrHu)
  7238 | D:6      | Reached * piety under Kikubaaqudgha
  7238 | D:6      | Identified Kikubaaqudgha's Disquisition on Evil
                  | (Kikubaaqudgha gifted it to you on level 6 of the Dungeon)
  7238 | D:6      | Received a gift from Kikubaaqudgha
  7537 | D:7      | Reached skill level 5 in Fighting
  7651 | D:7      | Reached skill level 11 in Necromancy
  7787 | D:7      | Found a staircase to the Lair.
  7838 | D:7      | Noticed a two-headed ogre
  7839 | D:7      | Reached XP level 10. HP: 71/76 MP: 14/20
  7937 | D:7      | Killed a two-headed ogre
  7938 | D:7      | Reached skill level 5 in Short Blades
  8206 | D:7      | Found a blossoming altar of Fedhas.
  8303 | D:7      | Found a runed door.
  8348 | D:7      | Found a transporter.
  8351 | D:7      | Noticed Argron's ghost (novice NaRg)
  8360 | D:7      | Noticed a moth of wrath
  8371 | D:7      | Found a transporter.
  8509 | D:7      | Noticed Crazy Yiuf
  8513 | D:7      | Killed Crazy Yiuf
  8656 | D:8      | Found a sand-covered staircase.
  8663 | Ossuary  | Entered an ossuary
  8672 | Ossuary  | Reached ** piety under Kikubaaqudgha
  9187 | Ossuary  | Reached *** piety under Kikubaaqudgha
  9187 | Ossuary  | Identified Kikubaaqudgha's Grimoire of Unholy Magic
                  | (Kikubaaqudgha gifted it to you in an ossuary)
  9187 | Ossuary  | Received a gift from Kikubaaqudgha
  9470 | D:8      | Found an opulent altar of Gozag.
  9943 | D:8      | Noticed Pikel
  9969 | D:8      | Killed Pikel
 10113 | D:8      | Noticed a two-headed ogre
 10117 | D:8      | Killed a two-headed ogre
 10118 | D:8      | Reached XP level 11. HP: 83/84 MP: 12/23
 10246 | D:9      | Reached skill level 12 in Necromancy
 10475 | D:9      | Noticed a centaur warrior
 10477 | D:9      | Reached **** piety under Kikubaaqudgha
 10487 | D:9      | Killed a centaur warrior
 10589 | D:9      | Found a bloodstained altar of Trog.
 10815 | D:9      | Noticed a white ugly thing
 10912 | Lair:1   | Entered Level 1 of the Lair of Beasts
 10913 | Lair:1   | Identified a scroll of acquirement
 10914 | Lair:1   | Identified the +2 rapier "Cuhom" {venom, rF+ Int+3 Dex-4}
                  | (You acquired it on level 1 of the Lair of Beasts)
 10914 | Lair:1   | Identified the Grimoire of Calling (You acquired it on
                  | level 1 of the Lair of Beasts)
 11078 | Lair:1   | Reached skill level 1 in Shields
 12023 | Lair:2   | Noticed Sonja
 12191 | Lair:2   | Noticed Fannar
 12203 | Lair:2   | Killed Fannar
 12223 | Lair:2   | Killed Sonja
 12224 | Lair:2   | Reached XP level 12. HP: 94/94 MP: 25/25
 12410 | Lair:2   | Noticed Gastronok
 12434 | Lair:2   | Killed Gastronok
 12435 | Lair:2   | Reached skill level 13 in Necromancy
 12544 | Lair:2   | Found a staircase to the Snake Pit.
 13316 | Lair:2   | Learned a level 6 spell: Simulacrum
 13476 | Lair:3   | Found a shimmering altar of Xom.
 14382 | Lair:4   | Found a staircase to the Swamp.
 14742 | Lair:4   | Reached skill level 5 in Dodging
 14757 | Lair:4   | Reached skill level 10 in Fighting
 14862 | Lair:4   | Reached ***** piety under Kikubaaqudgha
 15683 | Lair:5   | Noticed a seven-headed hydra
 15688 | Lair:5   | Killed a seven-headed hydra
 15689 | Lair:5   | Reached XP level 13. HP: 103/103 MP: 15/26
 15893 | Lair:5   | Reached skill level 1 in Ice Magic
 16036 | Lair:5   | Reached skill level 5 in Shields
 16694 | Lair:6   | Entered Level 6 of the Lair of Beasts
 17129 | Lair:6   | Found a staircase to the Slime Pits.
 17130 | Lair:6   | Found a viscous altar of Jiyva.
 18134 | Lair:6   | Noticed a fire dragon
 18168 | Lair:6   | Killed a fire dragon
 18328 | Lair:6   | Noticed a dire elephant
 18328 | Lair:6   | Noticed a dire elephant
 18354 | Lair:6   | Killed a dire elephant
 18355 | Lair:6   | Reached XP level 14. HP: 111/111 MP: 16/27
 18387 | Lair:6   | Reached skill level 14 in Necromancy
 18387 | Lair:6   | Reached skill level 5 in Ice Magic
 18940 | Lair:6   | Learned a level 2 spell: Corpse Rot
 19685 | D:10     | Entered Level 10 of the Dungeon
 20185 | D:10     | Got a slimy chain mail
 21019 | D:11     | Found a staircase to the Orcish Mines.
 21713 | D:12     | Entered Level 12 of the Dungeon
 21853 | D:12     | Found a gate to the Vaults.
 21860 | D:12     | Reached skill level 10 in Short Blades
 21914 | D:12     | Found a frozen archway.
 21921 | IceCv    | Entered an ice cave
 22427 | IceCv    | Learned a level 5 spell: Bolt of Draining
 22639 | IceCv    | Got a bloodstained scale mail
 23086 | D:12     | Reached skill level 1 in Conjurations
 23086 | D:12     | Reached XP level 15. HP: 70/120 MP: 12/28
 23771 | Orc      | Entered the Orcish Mines
 23771 | Orc      | Found a staircase to the Elven Halls.
 23953 | D:11     | Learned a level 5 spell: Lee's Rapid Deconstruction
 24081 | Orc      | Reached skill level 1 in Earth Magic
 24106 | Orc      | Found Celoisch's Antique Weapon Shoppe.
 24308 | D:11     | HP: 4/120 [ettin/cursed +0 dire flail (29)]
 24308 | D:11     | Mangled by an ettin

Skill      XL: |  1  2  3  4  5  6  7  8  9 10 11 12 13 14 15 |
---------------+----------------------------------------------+-----
Spellcasting   | 3 4 5 6 8 9 |  9.0
Necromancy     | 5 7 9 10 11 12 13 14 | 14.7
Fighting       | 3 5 7 8 10 11 | 11.9
Short Blades   | 2 4 6 7 8 9 10 | 10.0
Dodging        | 3 5 6 7 |  7.8
Shields        | 2 4 5 7 |  7.4
Ice Magic      | 4 5 |  5.0
Conjurations   | 1 |  1.5
Earth Magic    | 3 |  3.1
Stealth        | |  2.1

Action                   |  1- 3 |  4- 6 |  7- 9 | 10-12 | 13-15 || total
-------------------------+-------+-------+-------+-------+-------++-------
Melee: Dagger            |    55 |     7 |   116 |   257 |   672 ||  1107
       Rapier            |       |       |     9 |    61 |   236 ||   306
 Fire: Hand crossbow     |       |       |       |       |     4 ||     4
 Cast: Necrotize         |   102 |    86 |    88 |    94 |    56 ||   426
       Vampiric Draining |       |     3 |    25 |    14 |    26 ||    68
       Agony             |       |     5 |    11 |    46 |    38 ||   100
       Dispel Undead     |       |     4 |    11 |    41 |     9 ||    65
       Animate Dead      |       |       |     7 |    34 |    64 ||   105
       Simulacrum        |       |       |       |       |    25 ||    25
       Corpse Rot        |       |       |       |       |     9 ||     9
Invok: Receive Corpses   |       |       |     2 |     6 |    39 ||    47
Evoke: Wand              |       |     3 |     3 |       |     4 ||    10
  Use: Scroll            |     2 |     1 |     9 |    13 |     9 ||    34
 Stab: Distracted        |       |       |     2 |     3 |     6 ||    11
       Sleeping          |       |       |       |     3 |     8 ||    11
Armor: Robe              |     6 |     3 |    10 |       |       ||    19
       Ring mail         |       |       |    50 |     9 |       ||    59
       Troll leather arm |       |       |       |    93 |   291 ||   384
Dodge: Dodged            |    25 |    21 |    74 |   131 |   411 ||   662
       Deflected         |       |       |     2 |    16 |    18 ||    36
Block: Buckler           |       |       |       |    51 |   288 ||   339
